 Dungeon Crawl Stone Soup version 0.23-a0-480-g1869896 (webtiles) character file.

7421 robertstho the Quickloader (level 10, -9/91 HPs)
             Began as a Centaur Hunter on Nov 27, 2018.
             Was an Initiate of Okawaru.
             Mangled by a spiny frog (12 damage)
             ... on level 1 of the Lair of Beasts on Nov 28, 2018.
             The game lasted 00:35:12 (10793 turns).

robertstho the Quickloader (Centaur Hunter)        Turns: 10793, Time: 00:35:13

Health: -9/91      AC:  9    Str: 20    XL:     10   Next: 93%
Magic:  10/10      EV: 12    Int: 10    God:    Okawaru [......]
Gold:   479        SH:  0    Dex: 13    Spells: 9/9 levels left

rFire    + + +     SeeInvis .   u - +1 arbalest
rCold    + + .     Gourm    .   (shield currently unavailable)
rNeg     . . .     Faith    .   q - +2 leather armour {rF+}
rPois    +         Spirit   .   (no helmet)
rElec    +         Reflect  .   (no cloak)
rCorr    +         Harm     .   o - +1 pair of gloves
MR       .....                  (no barding)
Stlth    +.........             (no amulet)
HPRegen  0.25/turn              x - ring of protection from fire
MPRegen  0.12/turn              E - ring "Vyaf" {rC+ Str+3}

@: lethally poisoned (-9 -> -11), resistant, very quick
A: large, hooves 3, thin skeletal structure 1, deformed body, speed 2, robust 1,
tough skin 3, wild magic 1
a: Renounce Religion


You were on level 1 of the Lair of Beasts.
You worshipped Okawaru.
Okawaru was noncommittal.
You were not hungry.

You visited 3 branches of the dungeon, and saw 11 of its levels.

You collected 479 gold pieces.

Inventory:

Hand Weapons
 a - a +1 hand crossbow
 b - a +0 short sword
 k - a +0 broad axe of flaming
 n - a +2 antimagic hand axe
 u - a +1 arbalest (weapon)
 D - a cursed +3 battleaxe
Missiles
 d - 43 bolts (quivered)
Armour
 o - a +1 pair of gloves (worn)
 q - a +2 leather armour of fire resistance (worn)
 v - a +0 chain mail
Jewellery
 x - a ring of protection from fire (left hand)
 E - the ring "Vyaf" (right hand) {rC+ Str+3}
   (You found it on level 7 of the Dungeon)

   [ring of protection from cold]

   It affects your strength (+3).
   It protects you from cold.
Wands
 r - a wand of paralysis (7)
 w - a wand of acid (6)
 F - a wand of digging (5)
Scrolls
 c - a scroll of magic mapping
 e - 3 scrolls of teleportation
 g - a scroll of enchant armour
 h - 4 scrolls of remove curse
 i - a scroll of immolation
 j - 2 scrolls of enchant weapon
 l - a scroll of fog
 s - 2 scrolls of blinking
 y - a scroll of brand weapon
 z - a scroll of holy word
Potions
 C - a potion of berserk rage
Comestibles
 f - 19 rations
 m - a chunk of flesh


   Skills:
 + Level 6.1 Fighting
 + Level 3.1 Short Blades
 + Level 2.4 Axes
 * Level 13.9 Crossbows
 + Level 3.5 Armour
 * Level 5.1 Dodging
 - Level 0.4 Stealth


You had 9 spell levels left.
You didn't know any spells.
Your spell library contained the following spells:

 Spells                   Type           Power        Failure   Level  Hunger
 Summon Small Mammal      Summ           #...         50%         1    ##.....
 Call Imp                 Summ           #.......     63%         2    ###....
 Poisonous Vapours        Pois/Air       #.....       63%         2    ###....
 Call Canine Familiar     Summ           #.......     85%         3    ####...
 Conjure Flame            Conj/Fire      #.......     85%         3    ####...
 Mephitic Cloud           Conj/Pois/Air  #.......     85%         3    ####...
 Summon Guardian Golem    Hex/Summ       #.......     85%         3    ####...
 Summon Ice Beast         Ice/Summ       #.......     99%         4    #####..
 Summon Lightning Spire   Summ/Air       #.......     99%         4    #####..
 Freezing Cloud           Conj/Ice/Air   #.........   100%        6    #######
 Ring of Flames           Chrm/Fire      #.........   100%        7    #######


Dungeon Overview and Level Annotations

Branches:
Dungeon (9/15)             Temple (1/1) D:4            Lair (1/6) D:8
    Orc (0/2) D:9

Altars:
Ashenzari
Cheibriados
Dithmenos
Elyvilon
Fedhas
Gozag
Hepliaklqana
Kikubaaqudgha
Makhleb
Nemelex Xobeh
Okawaru
Qazlal
Ru
Sif Muna
Trog
Uskayaw
Vehumet
Wu Jian
Xom
Yredelemnul
Zin
The Shining One
Beogh

Shops:
D:9 [


Innate Abilities, Weirdness & Mutations

You have hooves in place of feet.
Armour fits poorly on your strangely shaped body.
You cover ground very quickly.
You have extremely tough skin. (AC +3)
You have a somewhat thin skeletal structure. (Dex +2, Stealth)
You are robust. (+10% HP)
Your spells are a little harder to cast, but a little more powerful.


Message History

Aim: a spiny frog (hasn't noticed you)
You shoot a bolt. The bolt closely misses the spiny frog.
You feel sick.
Firing (i - inventory)
d - 45 bolts (quivered)
Press: ? - help, Shift-Dir - straight line, f/p - spiny frog
Aim: a spiny frog You shoot a bolt.
The bolt hits the spiny frog!
The spiny frog is moderately wounded.
The spiny frog closely misses you.
Firing (i - inventory)
d - 44 bolts (quivered)
Press: ? - help, Shift-Dir - straight line, f/p - spiny frog
Aim: a spiny frog (moderately wounded)
You shoot a bolt. The bolt hits the spiny frog.
The spiny frog is heavily wounded.
You feel sick. The spiny frog stings you!!
* * * LOW HITPOINT WARNING * * *
You feel protected. The spiny frog stings you!
* * * LOW HITPOINT WARNING * * *
The spiny frog stings you!
You die...

#.# #....#####
##..# #....##...
.....# #..........
##....##....##....
.. ##.†##..# ...
##.##8..8#..# .
#P.#........#.#
...###+........[...
(.....F@#8..8#.....
#######.##..####.##
###.### ## ##


You could see a spiny frog.

Vanquished Creatures
  A two-headed ogre (D:8)
  Pikel (D:7)
  An ugly thing (D:8)
  Psyche (D:8)
  A hippogriff (Lair:1)
  Prince Ribbit (D:5)
  A dream sheep (Lair:1)
  A steam dragon (D:5)
  A water moccasin (Lair:1)
  2 porcupines (Lair:1)
  Duvessa (D:4)
  A slave (D:7)
  2 orc warriors
  A phantom (D:6)
  2 black bears (D:7)
  A necrophage (D:6)
  2 sky beasts
  5 ogres
  5 centaurs
  7 bullfrogs
  A scorpion (D:7)
  Dowan (D:5)
  9 wights
  7 howler monkeys
  5 crimson imps
  A bullfrog zombie (D:8)
  A quasit (D:7)
  2 bullfrog skeletons
  6 orc priests
  A jelly (D:4)
  A gnoll shaman (D:6)
  4 hounds
  12 orc wizards
  3 centaur skeletons
  4 iguanas
  9 worker ants
  2 hound zombies
  A hound skeleton (D:6)
  A howler monkey zombie (D:5)
  A worker ant zombie (D:5)
  A howler monkey skeleton (D:4)
  11 adders
  11 gnolls
  A shadow imp (D:8)
  An ooze (D:4)
  2 adder skeletons (D:4)
  4 worms
  A dart slug (D:3)
  7 leopard geckos
  34 orcs
  10 bats
  4 giant cockroaches
  7 goblins
  4 hobgoblins
  4 jackals
  5 quokkas
  A ball python (D:1)
  2 frilled lizards
  A jackal skeleton (D:4)
  4 kobolds
  2 quokka zombies
  7 rats
234 creatures vanquished.

Vanquished Creatures (others)
  5 dream sheep (D:3)
  3 plants (Lair:1)
8 creatures vanquished.

Grand Total: 242 creatures vanquished

Notes
Turn   | Place    | Note
-------+----------+-------------------------------------------
     0 | D:1      | robertstho the Centaur Hunter began the quest for the Orb.
     0 | D:1      | Reached XP level 1. HP: 17/17 MP: 1/1
   268 | D:1      | Reached XP level 2. HP: 24/24 MP: 2/2
   868 | D:2      | Reached skill level 5 in Crossbows
   964 | D:2      | Reached XP level 3. HP: 23/29 MP: 3/3
  1304 | D:2      | Reached XP level 4. HP: 23/36 MP: 4/4
  1465 | D:2      | Found a sparkling altar of Nemelex Xobeh.
  1921 | D:3      | Reached skill level 6 in Crossbows
  2040 | D:3      | Found a sacrificial altar of Ru.
  2255 | D:3      | Gained mutation: You have a somewhat thin skeletal
                  | structure. (Dex +2, Stealth) [potion of mutation]
  2255 | D:3      | Gained mutation: You are robust. (+10% HP) [potion of
                  | mutation]
  2255 | D:3      | Gained mutation: Your spells are a little harder to cast,
                  | but a little more powerful. [potion of mutation]
  2280 | D:3      | Reached XP level 5. HP: 33/46 MP: 5/5
  2407 | D:3      | Reached skill level 1 in Armour
  2545 | D:3      | Found a shimmering altar of Xom.
  2545 | D:3      | Noticed a dream sheep
  2545 | D:3      | Noticed a dream sheep
  2545 | D:3      | Noticed a dream sheep
  2545 | D:3      | Noticed a dream sheep
  2545 | D:3      | Noticed a dream sheep
  2551 | D:3      | Killed a dream sheep
  2551 | D:3      | Killed a dream sheep
  2551 | D:3      | Killed a dream sheep
  2551 | D:3      | Killed a dream sheep
  2551 | D:3      | Killed a dream sheep
  2923 | D:3      | Upgraded the game from 0.23-a0-473-gc8aadda to
                  | 0.23-a0-480-g1869896
  2952 | D:4      | Reached skill level 1 in Short Blades
  2974 | D:4      | Reached XP level 6. HP: 25/55 MP: 6/6
  2989 | D:4      | Found a staircase to the Ecumenical Temple.
  2997 | Temple   | Entered the Ecumenical Temple
  3524 | D:4      | Found a radiant altar of Vehumet.
  4846 | D:4      | Found a white marble altar of Elyvilon.
  4858 | D:4      | Reached XP level 7. HP: 58/61 MP: 7/7
  4943 | D:4      | Found a stormy altar of Qazlal.
  5037 | D:4      | Reached skill level 7 in Crossbows
  5162 | D:4      | Found a snail-covered altar of Cheibriados.
  5214 | D:5      | Entered Level 5 of the Dungeon
  5293 | D:5      | Noticed Dowan
  5293 | D:5      | Noticed Duvessa
  5295 | D:5      | Killed Dowan
  5360 | D:4      | Killed Duvessa
  5670 | D:5      | Reached XP level 8. HP: 42/69 MP: 8/8
  6137 | D:5      | Noticed Prince Ribbit
  6154 | D:5      | Killed Prince Ribbit
  6154 | D:5      | Reached skill level 8 in Crossbows
  6292 | D:5      | Reached skill level 9 in Crossbows
  6825 | D:6      | Reached skill level 10 in Crossbows
  6825 | D:6      | Reached XP level 9. HP: 78/78 MP: 9/9
  7423 | D:7      | Reached skill level 11 in Crossbows
  7713 | D:7      | Found a blossoming altar of Fedhas.
  7758 | D:7      | Reached skill level 1 in Axes
  7834 | D:7      | Noticed Pikel
  7889 | D:7      | Killed Pikel
  7889 | D:7      | Reached skill level 5 in Fighting
  8034 | D:7      | Got a sparkling ivory ring
  8138 | D:8      | Found a staircase to the Lair.
  8155 | D:8      | Reached XP level 10. HP: 89/89 MP: 10/10
  8157 | D:8      | Reached skill level 12 in Crossbows
  8175 | D:8      | Noticed a cyan ugly thing
  8390 | D:8      | Noticed Psyche
  8424 | D:8      | Killed Psyche
  8882 | D:8      | Killed a cyan ugly thing
  9102 | D:8      | Noticed a two-headed ogre
  9106 | D:8      | Killed a two-headed ogre
  9106 | D:8      | Reached skill level 13 in Crossbows
  9539 | D:9      | Reached skill level 5 in Dodging
  9641 | D:9      | Found a staircase to the Orcish Mines.
  9684 | D:9      | Found a roughly hewn altar of Beogh.
  9733 | D:9      | HP: 4/91 [orc priest/divine providence (13)]
 10116 | D:9      | Found Ruowit's Armour Shoppe.
 10460 | D:9      | Found an iron altar of Okawaru.
 10461 | D:9      | Found a shattered altar of Ashenzari.
 10465 | D:9      | Became a worshipper of Warmaster Okawaru
 10541 | D:9      | Identified the ring "Vyaf" {rC+ Str+3} (You found it on
                  | level 7 of the Dungeon)
 10633 | Lair:1   | Entered Level 1 of the Lair of Beasts
 10718 | Lair:1   | Noticed a black mamba
 10788 | Lair:1   | Noticed a spiny frog
 10793 | Lair:1   | HP: 3/91 [spiny frog (14)]
 10793 | Lair:1   | Mangled by a spiny frog

Vault maps used:
D:1:      dpeg_arrival_signposts
D:2:      lemuel_doored_altar
D:3:      lemuel_coloured_pillars_altar, kb_xom_exploding_sheep, corexii_shack,
          minmay_starry_boxes
D:4:      minmay_diamond_boxcup, vehumet_crystals, grunt_qazlal_clouds,
          elyvilon_altar_5, cheibriados_altar_1, temple_fountains, first_ration,
          minmay_checkerbox
D:5:      kennysheep_windowed_halls, lemuel_flamethrower_1, uniq_prince_ribbit1,
          uniq_duvessa
D:7:      black_bear_nest_1, fedhas_altar_2, uniq_pikel
D:8:      lair_entry_dummy, uniq_psyche
D:9:      gammafunk_temple_overflow_statue, minmay_orc_entry_temple_small,
          serial_shops, shop
Temple:   minmay_temple_bridge_abc
Lair:1:   wad_woods_stonehenge, chequers_serial_rivers_small_3, st_stairs_6,
          grunt_megastairs_5

Skill      XL: |  1  2  3  4  5  6  7  8  9 10 |
---------------+-------------------------------+-----
Crossbows      | 5 6 7 10 11 13 | 13.9
Dodging        | 2 3 4 5 |  5.1
Armour         | 1 2 3 |  3.5
Short Blades   | 1 2 3 |  3.1
Fighting       | 3 4 5 6 |  6.1
Axes           | 2 |  2.4
Stealth        | |  0.4

Action                   |  1- 3 |  4- 6 |  7- 9 | 10-12 || total
-------------------------+-------+-------+-------+-------++-------
Melee: Short sword       |     7 |   217 |    36 |       ||   260
       Kick              |     1 |    49 |    22 |     6 ||    78
       Hand axe          |       |       |    16 |    17 ||    33
       Arbalest          |       |       |     1 |       ||     1
       Broad axe         |       |       |    37 |     7 ||    44
 Fire: Hand crossbow     |    60 |    36 |       |       ||    96
       Arbalest          |       |    10 |   238 |   178 ||   426
  Use: Potion            |       |     9 |     1 |     4 ||    14
       Scroll            |       |     9 |     1 |     8 ||    18
  Eat: Chunk             |       |     6 |     9 |     2 ||    17
       Ration            |       |     1 |       |     2 ||     3
Armor: Leather armour    |    10 |    22 |   112 |    30 ||   174
       Skin              |       |    42 |       |       ||    42
       Chain mail        |       |   130 |    47 |       ||   177
Dodge: Dodged            |    19 |   102 |   157 |    66 ||   344

Table legend:
 A = Non-vault XP
 B = Vault XP
 C = Vault XP percentage of total XP
 D = Non-vault monster count
 E = Vault monster count
 F = Vault count percentage of total count
                 A         B        C        D         E       F
            +---------+---------+-------+---------+---------+-------
      Total |    7073 |    3529 |  33.3 |     186 |      47 |  20.2
            +---------+---------+-------+---------+---------+-------
        D:1 |      36 |       0 |   0.0 |      14 |       0 |   0.0
        D:2 |      86 |       0 |   0.0 |      19 |       0 |   0.0
        D:3 |     279 |      19 |   6.4 |      25 |       8 |  24.2
        D:4 |     327 |     444 |  57.6 |      17 |       8 |  32.0
        D:5 |     353 |    1074 |  75.3 |      17 |      17 |  50.0
        D:6 |     967 |       0 |   0.0 |      23 |       0 |   0.0
        D:7 |    1067 |     777 |  42.1 |      22 |       2 |   8.3
        D:8 |    2482 |     410 |  14.2 |      31 |       1 |   3.1
        D:9 |     896 |     316 |  26.1 |      15 |       8 |  34.8
     Lair:1 |     580 |     489 |  45.7 |       3 |       3 |  50.0
            +---------+---------+-------+---------+---------+-------
